 Dungeon Crawl Stone Soup version 0.26.1-11-gd32895ea62 (webtiles) character file.

Game seed: 17948115121236332173

8831 Almogavar the Cleaver (level 11, -14/95 HPs)
             Began as a Hill Orc Fighter on Apr 21, 2021.
             Was a High Priest of Okawaru.
             Splashed by Sonja's acid (18 damage)
             ... on level 11 of the Dungeon.
             The game lasted 00:30:15 (10054 turns).

Almogavar the Cleaver (Hill Orc Fighter)           Turns: 10054, Time: 00:30:16

Health: -14/95     AC: 14    Str: 29    XL:     11   Next: 37%
Magic:  10/11      EV:  8    Int:  8    God:    Okawaru [*****.]
Gold:   712        SH: 12    Dex: 10    Spells: 10/10 levels left

rFire    + . .     SeeInvis .   a - +3 war axe
rCold    . . .     Faith    .   c - +0 kite shield
rNeg     . . .     Spirit   .   y - +2 chain mail {rF+}
rPois    .         Reflect  .   q - +0 helmet
rElec    .         Harm     .   b - +0 cloak
rCorr    .         Rampage  .   L - +0 pair of gloves
Will     .....                  S - +0 pair of boots {run}
Stlth    ..........             j - amulet of regeneration
HPRegen  0.65/turn              v - +4 ring of protection
MPRegen  0.12/turn              p - +6 ring of strength

@: lethally poisoned (-14 -> -14), corroded, slowed, very slow
A: no striking features
a: Renounce Religion, Heroism, Finesse


You were on level 11 of the Dungeon.
You worshipped Okawaru.
Okawaru was extremely pleased with you.
You visited 1 branch of the dungeon, and saw 11 of its levels.
You also visited: Ossuary.

You collected 712 gold pieces.

Inventory:

Hand Weapons
 a - a +3 war axe (weapon)
 w - a +0 hunting sling
 J - the +8 falchion "Ysybb" {holy, Str+2 Int+6, unknown}
   (You found it on level 8 of the Dungeon)

   It has been blessed by the Shining One to cause great damage to the undead
   and demons.
   It affects your strength (+2).
   It affects your intelligence (+6).
Missiles
 g - 258 stones (quivered)
 n - 122 sling bullets
Armour
 b - a +0 cloak (worn)
 c - a +0 kite shield (worn)
 e - a scarf of repulsion
 k - a +1 scale mail of positive energy
 q - a +0 helmet (worn)
 y - a +2 chain mail of fire resistance (worn)
 L - a +0 pair of gloves (worn)
 S - a +0 pair of boots of running (worn)
Jewellery
 j - an amulet of regeneration (around neck)
 p - a +6 ring of strength (right hand)
 v - a +4 ring of protection (left hand)
 M - a +4 ring of protection
 U - an uncursed ring of magical power
Wands
 z - a wand of random effects (37)
 C - a wand of flame (14)
 N - a wand of digging (6)
 P - a wand of paralysis (9)
Scrolls
 l - a scroll of fog {unknown}
 o - 3 scrolls of remove curse
 r - 3 scrolls of enchant armour
 s - 5 scrolls of teleportation
 t - 3 scrolls of fear
 u - 3 scrolls of amnesia {unknown}
 x - a scroll of random uselessness {unknown}
 A - a scroll of noise {unknown}
 D - a scroll of holy word {unknown}
 E - a scroll of enchant weapon {unknown}
 I - a scroll of vulnerability {unknown}
 Q - a scroll of magic mapping
Potions
 d - 3 potions of might
 f - 3 potions of invisibility
 h - 3 potions of heal wounds
 i - 3 potions of cancellation
 m - a potion of lignification
 B - a potion of flight
 F - 2 potions of ambrosia {unknown}
 G - a potion of mutation {unknown}
 H - a potion of curing {unknown}
 K - a potion of berserk rage {unknown}
 O - a potion of brilliance {unknown}
 R - 2 potions of haste


   Skills:
 + Level 8.4 Fighting
 + Level 11.4 Axes
 + Level 8.3 Slings
 + Level 7.9 Armour
 + Level 2.0 Dodging
 - Level 0.1 Stealth
 + Level 8.9 Shields
 + Level 0.6 Invocations


You had 10 spell levels left.
You didn't know any spells.
Your spell library contained the following spells:

 Spells                   Type           Power        Failure   Level
 Poisonous Vapours        Pois/Air       0%           99%         2
 Conjure Flame            Conj/Fire      0%           100%        3
 Mephitic Cloud           Conj/Pois/Air  0%           100%        3
 Freezing Cloud           Conj/Ice/Air   0%           100%        6


Dungeon Overview and Level Annotations

Branches:
Dungeon (11/15)            Temple (0/1) D:4            Lair (0/6) D:10
Ossuary (visited)
    Orc: D:9-12

Altars:
Elyvilon
Fedhas
Gozag
Hepliaklqana
Okawaru
Qazlal
Ru
Sif Muna
Uskayaw
The Shining One

Shops:
D:7 =   D:10 (

Annotations:
D:11 Sonja


Message History

You shoot a stone. The stone closely misses the scorpion.
Sonja zaps a wand.
The bolt of acid misses you.
Sonja zaps a wand.
The bolt of acid hits you but does no damage.
You are splashed with acid!
a - a +3 war axe (weapon)
You feel sick. The scorpion stings you.
You feel sick. The hound bites you but does no damage.
You block the scorpion's attack.
You see here a curare-tipped dart.
You feel sick. The hound bites you but does no damage.
You feel sick.
Sonja zaps a wand.
The bolt of acid hits you! The acid corrodes you!
You are splashed with acid!
* * * LOW HITPOINT WARNING * * *
Sonja casts a spell.
Sonja blinks!
You feel like a meek peon again.
You feel sick.
Sonja zaps a wand.
The bolt of acid hits you!!
* * * LOW HITPOINT WARNING * * *
You are splashed with acid!!
You die...

....# #..........# ....###
#....(.... ###...# #..(....#
#...# #...(...# #...#
#...((..###### #)..####
#ยง.(.........# #......#
#sh..........#
###......########....K......^###
................@.$....).......#
...................#####.......#
####...........##### +.#######
..##........... #.#
..##............... #.##
..##.......... ..... #..#
..##........# #..#####..#
8.##........# #..#......#
............+ #.........#


You could see Sonja (fast), a scorpion and a hound.

Vanquished Creatures
  Nergalle (D:11)
  2 unseen horrors (D:10)
  2 komodo dragons
  A hornet (D:10)
  A yak (D:10)
  2 wyverns
  A steam dragon (D:8)
  6 vampire mosquitoes
  Menkaure (D:4)
  Edmund (D:5)
  A swamp drake (D:10)
  3 orc warriors
  2 phantoms
  An eye of draining (D:10)
  6 ice beasts
  2 sky beasts
  3 ogres
  5 centaurs
  A big kobold (D:10)
  Blork the orc (D:5)
  6 bullfrogs
  3 scorpions
  A water moccasin skeleton (D:6)
  9 wights
  4 howler monkeys
  2 bullfrog zombies
  3 centaur zombies
  A quasit (D:11)
  3 bullfrog skeletons
  9 hounds
  3 orc priests
  Crazy Yiuf (D:2)
  3 jellies
  3 orc wizards
  5 worker ants
  A big kobold zombie (Ossuary)
  A hound skeleton (D:10)
  9 mummies
  2 worker ant zombies
  Robin (D:2)
  4 adders
  10 gnolls
  4 white imps
  2 ufetubi
  2 adder skeletons (D:7)
  2 worms
  2 dart slugs (D:1)
  4 leopard geckos
  30 orcs
  4 giant cockroaches
  A gnoll zombie (Ossuary)
  18 goblins
  9 hobgoblins
  12 jackals
  15 kobolds
  4 quokkas
  A ball python (D:2)
  7 bats
  3 frilled lizards
  3 hobgoblin zombies (Ossuary)
  2 kobold zombies (Ossuary)
  An orc zombie (Ossuary)
  A quokka skeleton (D:7)
  8 rats
262 creatures vanquished.

Vanquished Creatures (others)
  19 fungi (D:10)
  22 plants (D:10)
41 creatures vanquished.

Grand Total: 303 creatures vanquished

Notes
Turn   | Place    | Note
-------+----------+-------------------------------------------
     0 | D:1      | Almogavar the Hill Orc Fighter began the quest for the Orb.
     0 | D:1      | Reached XP level 1. HP: 19/19 MP: 1/1
   223 | D:1      | Reached XP level 2. HP: 26/27 MP: 2/2
   574 | D:1      | Reached skill level 3 in Axes
   575 | D:1      | Reached XP level 3. HP: 33/33 MP: 3/3
  1161 | D:2      | Found a runed translucent door.
  1330 | D:2      | Found an iron altar of Okawaru.
  1334 | D:2      | Became a worshipper of Warmaster Okawaru
  1338 | D:2      | Found a hide-covered altar of Uskayaw.
  1343 | D:2      | Found a glowing golden altar of the Shining One.
  1465 | D:2      | Noticed an ogre
  1472 | D:2      | Killed an ogre
  1473 | D:2      | Reached skill level 4 in Axes
  1473 | D:2      | Reached XP level 4. HP: 16/40 MP: 4/4
  1473 | D:2      | Reached XP level 5. HP: 18/46 MP: 5/5
  1621 | D:2      | Noticed Robin
  1639 | D:2      | Killed Robin
  1956 | D:2      | Noticed Crazy Yiuf
  1965 | D:2      | Killed Crazy Yiuf
  2909 | D:4      | Reached skill level 5 in Axes
  2970 | D:4      | Reached skill level 1 in Slings
  2976 | D:4      | Reached XP level 6. HP: 49/53 MP: 6/6
  3253 | D:4      | Found a blossoming altar of Fedhas.
  3368 | D:4      | Reached skill level 1 in Dodging
  3571 | D:4      | Noticed Menkaure
  3589 | D:4      | Killed Menkaure
  3590 | D:4      | Reached XP level 7. HP: 21/60 MP: 7/7
  3723 | D:4      | Found a white marble altar of Elyvilon.
  3756 | D:4      | Found a staircase to the Ecumenical Temple.
  3810 | D:5      | Entered Level 5 of the Dungeon
  3842 | D:5      | Noticed Edmund
  3870 | D:5      | Killed Edmund
  3871 | D:5      | Reached skill level 5 in Armour
  3923 | D:5      | Reached * piety under Okawaru
  3941 | D:5      | Reached skill level 5 in Fighting
  3941 | D:5      | Reached skill level 6 in Axes
  4129 | D:5      | Reached XP level 8. HP: 59/68 MP: 8/8
  4321 | D:5      | Noticed Blork the orc
  4337 | D:5      | Killed Blork the orc
  4338 | D:5      | Reached skill level 5 in Shields
  4347 | D:5      | Found a shimmering blue altar of Sif Muna.
  4752 | D:6      | Reached ** piety under Okawaru
  4802 | D:6      | Reached skill level 7 in Axes
  5408 | D:7      | Reached skill level 5 in Slings
  5452 | D:7      | Found a sand-covered staircase.
  5465 | Ossuary  | Entered an ossuary
  5490 | Ossuary  | Reached XP level 9. HP: 75/75 MP: 9/9
  5920 | D:7      | Found a hazy altar of Hepliaklqana.
  5997 | D:7      | Found a stormy altar of Qazlal.
  6052 | D:7      | Reached *** piety under Okawaru
  6280 | D:7      | Found Finwaikh's Jewellery Shoppe.
  6361 | D:7      | Reached skill level 8 in Axes
  6676 | D:8      | Got a masterwork falchion
  6704 | D:8      | Found an opulent altar of Gozag.
  6711 | D:8      | Found a sacrificial altar of Ru.
  6782 | D:8      | Noticed a komodo dragon
  6798 | D:8      | Killed a komodo dragon
  6811 | D:8      | Received a gift from Okawaru
  7104 | D:8      | Reached XP level 10. HP: 83/84 MP: 10/10
  7117 | D:8      | Reached **** piety under Okawaru
  7163 | D:8      | Reached skill level 9 in Axes
  7674 | D:9      | Received a gift from Okawaru
  7844 | D:10     | Entered Level 10 of the Dungeon
  8020 | D:10     | Reached skill level 10 in Axes
  8270 | D:10     | Killed an unseen horror
  8270 | D:10     | Received a gift from Okawaru
  8283 | D:10     | Found Sol Tidd's Weapon Shop.
  8467 | D:10     | Reached ***** piety under Okawaru
  8634 | D:10     | Killed an unseen horror
  8635 | D:10     | Reached XP level 11. HP: 90/93 MP: 11/11
  8703 | D:10     | Received a gift from Okawaru
  8718 | D:10     | Identified a +0 pair of boots of running (Okawaru gifted it
                  | to you on level 10 of the Dungeon)
  9064 | D:10     | Reached skill level 11 in Axes
  9452 | D:10     | Found a staircase to the Lair.
  9811 | D:11     | Noticed Nergalle
  9831 | D:11     | Killed Nergalle
 10042 | D:11     | Noticed Sonja
 10054 | D:11     | HP: 4/95 [Sonja/bolt of acid (20)]
 10054 | D:11     | Splashed by Sonja's acid

Illustrated notes

Levels and vault maps discovered:
D:1:      eino_arrival_cavern_e, layout_loops_ring
D:2:      layout_loops_ring, grunt_temple_overflow_diamond, serial_glass,
          glass_columns_b, glass_columns_a, minmay_tetromino_l4, uniq_robin,
          uniq_crazy_yiuf_cottage
D:3:      layout_basic
D:4:      layout_basic, fedhas_ov_isle_minmay, lemuel_doored_altar,
          minmay_temple_entry_nine_rooms, uniq_menkaure
D:5:      layout_rooms, tgw_sif, uniq_edmund
D:6:      layout_loops_ring
D:7:      layout_loops_ring, nicolae_overflow_crystal_walls,
          nicolae_overflow_hidden_temple, gup_ossuary_entry_pyramid,
          serial_shops, shop
D:8:      kennysheep_blocky_room, layout_rooms,
          chequers_temple_overflow_statue_of_worship, dk_rats_in_the_wall
D:9:      kennysheep_big_flooded_room, layout_basic, lemuel_crystal_altar,
          david_orc_3
D:10:     layout_loops_corners, grunt_lair_entry_orc_guard_hut, serial_shops,
          shop, pond
D:11:     layout_irregular_city, serial_column_ruins, column_ruins_hut,
          column_ruins_hut, column_ruins_columns_corner,
          column_ruins_columns_corner, column_ruins_open_tiny,
          column_ruins_corridor_straight, column_ruins_columns_dead_end,
          column_ruins_grid_3, st_stairs_14, grunt_ministairs_2, uniq_nergalle,
          uniq_sonja

Skill      XL: |  1  2  3  4  5  6  7  8  9 10 11 |
---------------+----------------------------------+-----
Axes           | 3 4 5 6 7 8 10 11 | 11.4
Fighting       | 4 5 6 7 8 |  8.4
Shields        | 4 5 7 8 |  8.9
Armour         | 4 5 7 |  7.9
Slings         | 1 2 3 5 6 7 8 |  8.3
Dodging        | 1 2 |  2.0
Stealth        | |  0.1
Invocations    | |  0.6

Action                   |  1- 3 |  4- 6 |  7- 9 | 10-12 || total
-------------------------+-------+-------+-------+-------++-------
Melee: War axe           |   117 |   128 |   267 |   304 ||   816
       Hunting sling     |       |       |       |     1 ||     1
 Fire: Hunting sling     |     5 |    79 |   273 |   212 ||   569
Invok: Heroism           |       |       |     1 |     4 ||     5
  Use: Scroll            |     3 |     2 |     5 |     5 ||    15
Armor: Scale mail        |    71 |    69 |     6 |       ||   146
       Chain mail        |       |       |   171 |   253 ||   424
Dodge: Dodged            |    37 |    39 |    62 |    87 ||   225
       Repelled          |     1 |       |       |       ||     1
Block: Kite shield       |    76 |    66 |   186 |   205 ||   533
